General information
			
			
        
        - name: BNet
 
        - type: Ladder team game (AT/RT)
 
        - host: Battle.net
 
        - saver: DUKADAWODU
 
        
map: SilverpineForest 
        - players: 6
 
        - length: 107:09
 
        - speed: Fast
 - version: 1.22 W3XP
 - replay type:  Public
 
» download(555 KB)
Players
        team 1 (winner) 
              
              
Dare_Obasanjo (
red | 40 APM | 4245 actions | 107:07)
              
 10 Blademaster 
 3 Wind Walk
 3 Critical Strike
 1 Bladestorm
 3 Mirror Image
 
                » actions 
                
                | Assign group hotkey | 29 |  | 
| Basic commands | 64 |  | 
| Build / train | 147 |  | 
| ESC pressed | 1 |  | 
| Enter build submenu | 57 |  | 
| Enter hero's abilities submenu | 10 |  | 
| Give item / drop item | 36 |  | 
| Right click | 1851 |  | 
| Select / deselect | 478 |  | 
| Select group hotkey | 1151 |  | 
| Use ability | 421 |  | 
                4245 total
 » units 
                
                | Peon | 23 |  | 
| Troll Batrider | 16 |  | 
| Goblin Zeppelin | 1 |  | 
| Wind Rider | 6 |  | 
                46 total
 » upgrades
                
                | Ranged Weapons | 3 |  | 
| Liquid Fire | 1 |  | 
| Armor | 3 |  | 
| Troll Regeneration | 1 |  | 
| Burning Oil | 1 |  | 
| Spiked Barricades | 3 |  | 
| Berserker Upgrade | 1 |  | 
| Berserker Strength | 1 |  | 
| Ensnare | 1 |  | 
| Envenomed Spears | 1 |  | 
| War Drums Damage Increase | 2 |  | 
| Reinforced Defenses | 1 |  | 
| Pillage | 1 |  | 
| Backpack | 1 |  | 
| Melee Weapons | 1 |  | 
                22 total
 » buildings
                
                | Altar of Storms | 1 |  | 
| Orc Burrow | 11 |  | 
| War Mill | 1 |  | 
| Voodoo Lounge | 2 |  | 
| Watch Tower | 41 |  | 
| Stronghold | 4 |  | 
| Fortress | 1 |  | 
| Great Hall | 1 |  | 
| Beastiary | 2 |  | 
| Barracks | 1 |  | 
                65 total
 » build order
                00:07 Altar of Storms
00:15 Orc Burrow
00:31 War Mill
01:31 Voodoo Lounge
01:45 Watch Tower
02:00 Orc Burrow
02:28 Watch Tower
03:06 Watch Tower
03:22 Watch Tower
04:18 Watch Tower
04:43 Watch Tower
04:56 Stronghold
04:56 Stronghold
04:56 Stronghold
05:30 Watch Tower
05:48 Voodoo Lounge
05:53 Watch Tower
06:36 Watch Tower
06:38 Watch Tower
07:17 Fortress
07:36 Watch Tower
07:41 Great Hall
07:44 Watch Tower
08:09 Watch Tower
08:23 Watch Tower
08:56 Watch Tower
08:59 Watch Tower
09:22 Watch Tower
09:27 Watch Tower
09:39 Beastiary
09:43 Beastiary
09:48 Orc Burrow
09:49 Orc Burrow
10:00 Watch Tower
10:16 Watch Tower
10:47 Watch Tower
11:16 Watch Tower
11:19 Watch Tower
12:19 Watch Tower
12:41 Watch Tower
13:08 Watch Tower
13:25 Watch Tower
15:02 Watch Tower
15:06 Watch Tower
15:07 Watch Tower
16:15 Watch Tower
16:16 Watch Tower
16:17 Watch Tower
18:48 Barracks
20:35 Orc Burrow
20:35 Orc Burrow
23:26 Watch Tower
23:27 Watch Tower
27:26 Watch Tower
27:50 Watch Tower
28:26 Watch Tower
28:31 Watch Tower
30:06 Watch Tower
31:13 Watch Tower
38:49 Orc Burrow
38:50 Orc Burrow
38:51 Orc Burrow
38:52 Orc Burrow
40:44 Orc Burrow
» items
                
                | Staff of Teleportation | 4 |  | 
| Boots of Speed | 3 |  | 
| Healing Salve | 8 |  | 
| Lesser Clarity Potion | 17 |  | 
| Orb of Lightning | 1 |  | 
| Potion of Invulnerability | 1 |  | 
| Potion of Mana | 12 |  | 
| Mechanical Critter | 2 |  | 
| Replenishment Potion | 1 |  | 
| Potion of Healing | 5 |  | 
| Scroll of Town Portal | 3 |  | 
| Helm of Valor | 2 |  | 
                59 total
  
               
              
              
DUKADAWODU (
orange | 91 APM | 9734 actions | 107:09)
              
 7 Mountain King 
 3 Storm Bolt
 3 Bash
 1 Avatar
 6 Paladin 
 3 Holy Light
 3 Divine Shield
 2 Blood Mage 
 1 Flame Strike
 1 Banish
 
                » actions 
                
                | Assign group hotkey | 24 |  | 
| Basic commands | 66 |  | 
| Build / train | 166 |  | 
| Enter build submenu | 128 |  | 
| Enter hero's abilities submenu | 18 |  | 
| Give item / drop item | 26 |  | 
| Remove unit from queue | 3 |  | 
| Right click | 5787 |  | 
| Select / deselect | 1248 |  | 
| Select group hotkey | 1715 |  | 
| Use ability | 551 |  | 
                9734 total
 » units 
                
                | Peasant | 11 |  | 
| Goblin Zeppelin | 3 |  | 
| Goblin Shredder | 1 |  | 
| Dragonhawk Rider | 17 |  | 
| Priest | 2 |  | 
| Sorceress | 1 |  | 
| Gryphon Rider | -1 |  | 
                34 total
 » upgrades
                
                | Masonry | 3 |  | 
| Lumber Harvesting | 1 |  | 
| Magic Sentry | 1 |  | 
| Sorceress Training | 2 |  | 
| Animal War Training | 1 |  | 
| Swords | 3 |  | 
| Armor | 3 |  | 
| Priest Training | 1 |  | 
                15 total
 » buildings
                
                | Altar of Kings | 2 |  | 
| Farm | 37 |  | 
| Lumber Mill | 2 |  | 
| Scout Tower | 87 |  | 
| Arcane Tower | 10 |  | 
| Guard Tower | 47 |  | 
| Arcane Vault | 2 |  | 
| Keep | 1 |  | 
| Town Hall | 1 |  | 
| Castle | 1 |  | 
| Gryphon Aviary | 2 |  | 
| Blacksmith | 2 |  | 
| Arcane Sanctum | 1 |  | 
| Barracks | 1 |  | 
                196 total
 » build order
                00:09 Altar of Kings
00:20 Farm
00:27 Lumber Mill
00:54 Farm
01:13 Scout Tower
01:20 Scout Tower
01:41 Arcane Tower
02:05 Scout Tower
02:07 Guard Tower
02:48 Arcane Vault
02:48 Guard Tower
03:02 Scout Tower
04:06 Scout Tower
04:06 Keep
04:08 Guard Tower
04:38 Guard Tower
04:41 Scout Tower
04:42 Scout Tower
06:02 Guard Tower
06:04 Scout Tower
06:04 Scout Tower
06:32 Farm
06:42 Guard Tower
06:43 Scout Tower
06:44 Scout Tower
07:27 Guard Tower
08:16 Town Hall
08:21 Scout Tower
08:21 Scout Tower
08:22 Scout Tower
08:22 Scout Tower
08:24 Scout Tower
08:51 Arcane Tower
08:55 Guard Tower
09:40 Guard Tower
09:40 Guard Tower
09:43 Scout Tower
09:44 Scout Tower
09:45 Scout Tower
09:55 Guard Tower
11:22 Guard Tower
11:23 Scout Tower
11:24 Scout Tower
11:29 Castle
11:37 Scout Tower
11:37 Scout Tower
11:38 Scout Tower
11:39 Scout Tower
11:40 Scout Tower
11:43 Gryphon Aviary
11:45 Blacksmith
12:25 Guard Tower
12:43 Guard Tower
12:50 Scout Tower
12:50 Scout Tower
12:57 Arcane Sanctum
14:06 Barracks
14:09 Guard Tower
14:11 Guard Tower
14:14 Scout Tower
14:15 Scout Tower
14:16 Scout Tower
14:19 Scout Tower
14:32 Guard Tower
15:45 Arcane Tower
15:45 Guard Tower
15:46 Guard Tower
15:48 Scout Tower
15:53 Blacksmith
15:58 Scout Tower
16:05 Arcane Tower
16:06 Scout Tower
16:37 Farm
16:38 Farm
16:39 Farm
16:42 Arcane Tower
16:43 Scout Tower
16:43 Scout Tower
16:49 Guard Tower
16:50 Scout Tower
16:50 Scout Tower
16:51 Scout Tower
16:51 Scout Tower
16:53 Scout Tower
16:53 Scout Tower
17:33 Guard Tower
17:48 Guard Tower
17:59 Guard Tower
17:59 Guard Tower
18:10 Guard Tower
18:11 Guard Tower
18:38 Guard Tower
18:43 Arcane Vault
19:36 Guard Tower
19:44 Gryphon Aviary
20:49 Scout Tower
20:50 Scout Tower
20:51 Scout Tower
20:52 Scout Tower
21:19 Farm
21:20 Farm
21:20 Farm
22:24 Guard Tower
22:36 Scout Tower
23:08 Guard Tower
23:19 Scout Tower
23:19 Scout Tower
23:20 Scout Tower
23:21 Scout Tower
23:22 Scout Tower
23:24 Guard Tower
23:27 Scout Tower
24:07 Arcane Tower
29:57 Farm
29:58 Farm
29:58 Farm
30:00 Scout Tower
30:02 Scout Tower
32:54 Guard Tower
32:54 Guard Tower
36:04 Scout Tower
36:05 Scout Tower
36:18 Scout Tower
37:14 Farm
37:14 Farm
37:14 Farm
37:22 Guard Tower
37:23 Guard Tower
37:23 Guard Tower
38:20 Farm
43:23 Scout Tower
43:34 Scout Tower
43:36 Scout Tower
43:48 Scout Tower
43:53 Scout Tower
44:03 Guard Tower
44:04 Guard Tower
44:05 Scout Tower
45:03 Guard Tower
45:06 Scout Tower
45:08 Scout Tower
45:11 Scout Tower
45:16 Scout Tower
45:23 Scout Tower
45:39 Guard Tower
45:39 Guard Tower
45:47 Scout Tower
45:52 Scout Tower
45:53 Guard Tower
45:54 Scout Tower
46:31 Arcane Tower
46:32 Scout Tower
46:33 Scout Tower
46:36 Arcane Tower
47:46 Scout Tower
47:48 Scout Tower
47:49 Guard Tower
47:49 Guard Tower
48:08 Scout Tower
48:10 Scout Tower
49:01 Guard Tower
65:00 Farm
65:03 Farm
65:05 Farm
66:24 Farm
66:49 Altar of Kings
66:58 Farm
66:59 Farm
67:02 Farm
67:04 Farm
67:22 Farm
67:23 Farm
67:34 Farm
67:36 Farm
67:48 Farm
67:51 Farm
68:23 Farm
68:27 Farm
68:36 Farm
69:07 Farm
69:16 Farm
69:50 Farm
69:53 Farm
69:57 Scout Tower
69:58 Scout Tower
70:00 Scout Tower
70:01 Scout Tower
70:05 Scout Tower
70:06 Scout Tower
70:36 Scout Tower
70:36 Scout Tower
71:24 Arcane Tower
72:32 Lumber Mill
73:38 Guard Tower
» items
                
                | Healing Salve | 1 |  | 
| Lesser Clarity Potion | 9 |  | 
| Boots of Speed | 3 |  | 
| Staff of Teleportation | 3 |  | 
| Orb of Lightning | 4 |  | 
| Potion of Lesser Invulnerability | 2 |  | 
| Staff of Sanctuary | 3 |  | 
| Potion of Invulnerability | 1 |  | 
| Ring of Regeneration | 1 |  | 
| Amulet of Spell Shield | 1 |  | 
| Medallion of Courage | 2 |  | 
| Ancient Janggo of Endurance | 1 |  | 
| Pendant of Mana | 1 |  | 
                32 total
  
               
              
              
UnlceWangSong (
teal | 54 APM | 5807 actions | 107:07)
              
 9 Blademaster 
 3 Wind Walk
 3 Critical Strike
 1 Bladestorm
 2 Mirror Image
 3 Shadow Hunter 
 2 Healing Wave
 1 Hex
 
                » actions 
                
                | Assign group hotkey | 24 |  | 
| Basic commands | 123 |  | 
| Build / train | 120 |  | 
| ESC pressed | 11 |  | 
| Enter build submenu | 75 |  | 
| Enter hero's abilities submenu | 12 |  | 
| Give item / drop item | 17 |  | 
| Right click | 3192 |  | 
| Select / deselect | 654 |  | 
| Select group hotkey | 1197 |  | 
| Use ability | 382 |  | 
                5807 total
 » units 
                
                | Peon | 20 |  | 
| Troll Batrider | 9 |  | 
| Shaman | 3 |  | 
| Kodo Beast | 1 |  | 
| Raider | 3 |  | 
| Troll Witch Doctor | 3 |  | 
| Spirit Walker | 4 |  | 
| Wind Rider | 15 |  | 
                58 total
 » upgrades
                
                | Spiked Barricades | 2 |  | 
| Reinforced Defenses | 1 |  | 
| Ranged Weapons | 3 |  | 
| Liquid Fire | 1 |  | 
| War Drums Damage Increase | 1 |  | 
| Armor | 3 |  | 
| Envenomed Spears | 1 |  | 
| Ensnare | 1 |  | 
| Shaman Training | 2 |  | 
| Witch Doctor Training | 2 |  | 
| Spirit Walker Training | 2 |  | 
                19 total
 » buildings
                
                | Altar of Storms | 2 |  | 
| Orc Burrow | 21 |  | 
| War Mill | 2 |  | 
| Watch Tower | 29 |  | 
| Voodoo Lounge | 2 |  | 
| Great Hall | 2 |  | 
| Stronghold | 2 |  | 
| Fortress | 2 |  | 
| Beastiary | 3 |  | 
| Spirit Lodge | 2 |  | 
                67 total
 » build order
                00:06 Altar of Storms
00:12 Orc Burrow
01:05 War Mill
02:33 Watch Tower
02:33 Watch Tower
03:04 Watch Tower
03:09 Watch Tower
03:16 Voodoo Lounge
03:32 Watch Tower
04:28 Great Hall
04:41 Watch Tower
04:42 Watch Tower
04:46 Watch Tower
04:47 Watch Tower
04:48 Watch Tower
04:52 Watch Tower
05:14 Watch Tower
05:51 Orc Burrow
06:20 Watch Tower
07:22 War Mill
08:16 Stronghold
08:22 Watch Tower
08:23 Watch Tower
08:27 Watch Tower
08:28 Watch Tower
09:23 Watch Tower
09:23 Watch Tower
09:59 Watch Tower
10:00 Watch Tower
11:16 Fortress
11:38 Watch Tower
11:40 Watch Tower
11:45 Beastiary
11:49 Orc Burrow
13:03 Watch Tower
13:04 Watch Tower
16:07 Watch Tower
16:08 Watch Tower
16:08 Watch Tower
21:14 Spirit Lodge
22:59 Orc Burrow
23:00 Orc Burrow
23:02 Orc Burrow
23:04 Orc Burrow
23:05 Orc Burrow
25:53 Watch Tower
35:00 Orc Burrow
35:56 Spirit Lodge
37:51 Great Hall
40:52 Stronghold
43:36 Beastiary
43:45 Beastiary
44:49 Orc Burrow
47:12 Orc Burrow
47:25 Orc Burrow
48:14 Orc Burrow
49:11 Orc Burrow
50:18 Voodoo Lounge
51:02 Orc Burrow
53:24 Orc Burrow
54:23 Orc Burrow
55:56 Orc Burrow
57:13 Orc Burrow
61:05 Orc Burrow
79:05 Altar of Storms
80:38 Fortress
80:43 Orc Burrow
» items
                
                | Lesser Clarity Potion | 4 |  | 
| Healing Salve | 2 |  | 
| Staff of Teleportation | 2 |  | 
| Boots of Speed | 2 |  | 
| Potion of Mana | 1 |  | 
| Warsong Battle Drums | 1 |  | 
| Helm of Valor | 1 |  | 
| Legion Doom-Horn | 1 |  | 
| Orb of Lightning | 1 |  | 
| Staff of Sanctuary | 1 |  | 
| Amulet of Spell Shield | 1 |  | 
| Khadgar's Pipe of Insight | 1 |  | 
| Claws of Attack +12 | 5 |  | 
| Pendant of Mana | 2 |  | 
                25 total
  
               team 2 (loser) 
              
              
» 
AA-Gabriel (
green | 49 APM | 5224 actions | 106:46)
              
 6 Warden 
 3 Shadow Strike
 2 Blink
 1 Spirit of Vengeance
 
                » actions 
                
                | Assign group hotkey | 40 |  | 
| Basic commands | 378 |  | 
| Build / train | 144 |  | 
| ESC pressed | 1 |  | 
| Enter build submenu | 63 |  | 
| Enter hero's abilities submenu | 6 |  | 
| Give item / drop item | 5 |  | 
| Remove unit from queue | 3 |  | 
| Right click | 2672 |  | 
| Select / deselect | 1156 |  | 
| Select group hotkey | 351 |  | 
| Use ability | 405 |  | 
                5224 total
 » units 
                
                | Wisp | 72 |  | 
| Hippogryph | 17 |  | 
| Chimaera | 19 |  | 
| Goblin Zeppelin | 1 |  | 
| Druid of the Talon | 3 |  | 
                112 total
 » upgrades
                
                | Ultravision | 1 |  | 
| Strength of the Wild | 2 |  | 
| Reinforced Hides | 3 |  | 
| Nature's Blessing | 1 |  | 
| Corrosive Breath | 1 |  | 
| Druid of the Talon Training | 2 |  | 
| Well Spring | 1 |  | 
| Mark of the Talon | 1 |  | 
                12 total
 » buildings
                
                | Altar of Elders | 4 |  | 
| Moon Well | 29 |  | 
| Tree of Ages | 1 |  | 
| Hunter's Hall | 2 |  | 
| Ancient of Wind | 4 |  | 
| Ancient of Wonders | 1 |  | 
| Tree of Eternity | 1 |  | 
| Chimaera Roost | 5 |  | 
| Tree of Life | 3 |  | 
| Ancient Protector | 11 |  | 
                61 total
 » build order
                00:10 Altar of Elders
00:17 Moon Well
01:58 Tree of Ages
02:03 Moon Well
02:26 Moon Well
02:30 Moon Well
02:45 Moon Well
02:52 Moon Well
03:00 Moon Well
03:06 Hunter's Hall
03:16 Moon Well
03:43 Moon Well
04:30 Ancient of Wind
04:40 Ancient of Wonders
05:21 Tree of Eternity
05:50 Moon Well
05:54 Moon Well
07:50 Chimaera Roost
07:57 Chimaera Roost
23:19 Tree of Life
23:22 Ancient Protector
23:25 Ancient Protector
23:27 Ancient Protector
25:39 Tree of Life
25:45 Ancient Protector
26:09 Ancient Protector
26:14 Ancient Protector
26:24 Ancient Protector
26:31 Ancient Protector
31:44 Ancient Protector
31:47 Ancient Protector
31:51 Ancient Protector
58:36 Moon Well
58:38 Moon Well
58:41 Moon Well
58:44 Moon Well
60:04 Tree of Life
71:43 Moon Well
75:56 Moon Well
76:09 Moon Well
76:18 Moon Well
76:31 Moon Well
76:50 Altar of Elders
77:08 Altar of Elders
77:22 Moon Well
79:15 Moon Well
79:20 Moon Well
79:55 Moon Well
80:02 Moon Well
80:38 Ancient of Wind
82:10 Altar of Elders
82:29 Moon Well
84:19 Hunter's Hall
90:29 Chimaera Roost
92:13 Ancient of Wind
92:26 Ancient of Wind
93:50 Chimaera Roost
94:09 Chimaera Roost
96:30 Moon Well
97:06 Moon Well
99:09 Moon Well
» items
                
                | Dust of Appearance | 4 |  | 
| Orb of Venom | 1 |  | 
| Boots of Speed | 1 |  | 
| Scroll of Town Portal | 1 |  | 
| Crystal Ball | 1 |  | 
                8 total
  
               
              
              
AkOnFaN07 (
purple | 23 APM | 2463 actions | 106:50)
              
 5 Keeper of the Grove 
 3 Entangling Roots
 2 Thorns Aura
 4 Demon Hunter 
 2 Mana Burn
 2 Immolation
 1 Priestess of the Moon 
 1 Trueshot Aura
 
                » actions 
                
                | Assign group hotkey | 10 |  | 
| Build / train | 108 |  | 
| ESC pressed | 1 |  | 
| Enter build submenu | 33 |  | 
| Enter hero's abilities submenu | 10 |  | 
| Remove unit from queue | 3 |  | 
| Right click | 1426 |  | 
| Select / deselect | 621 |  | 
| Select group hotkey | 76 |  | 
| Use ability | 175 |  | 
                2463 total
 » units 
                
                | Wisp | 30 |  | 
| Archer | 6 |  | 
| Dryad | 9 |  | 
| Druid of the Claw | 11 |  | 
| Hippogryph | 14 |  | 
                70 total
 » upgrades
                
                | Reinforced Hides | 3 |  | 
| Strength of the Wild | 3 |  | 
| Abolish Magic | 1 |  | 
| Druid of the Claw Training | 2 |  | 
| Mark of the Claw | 1 |  | 
| Ultravision | 1 |  | 
| Well Spring | 1 |  | 
| Moon Armor | 1 |  | 
| Strength of the Moon | 1 |  | 
| Marksmanship | 1 |  | 
| Improved Bows | 1 |  | 
| Upgrade Moon Glaive | 1 |  | 
| Vorpal Blades | 1 |  | 
| Nature's Blessing | 1 |  | 
| Corrosive Breath | 1 |  | 
                20 total
 » buildings
                
                | Altar of Elders | 1 |  | 
| Moon Well | 9 |  | 
| Ancient of War | 1 |  | 
| Tree of Ages | 1 |  | 
| Hunter's Hall | 1 |  | 
| Ancient of Lore | 2 |  | 
| Ancient Protector | 11 |  | 
| Tree of Eternity | 1 |  | 
| Tree of Life | 3 |  | 
| Ancient of Wind | 1 |  | 
| Chimaera Roost | 1 |  | 
                32 total
 » build order
                00:06 Altar of Elders
00:09 Moon Well
00:42 Ancient of War
01:26 Moon Well
03:19 Tree of Ages
03:41 Moon Well
04:16 Hunter's Hall
05:43 Moon Well
05:53 Ancient of Lore
06:18 Ancient of Lore
07:04 Moon Well
08:22 Ancient Protector
11:33 Tree of Eternity
14:12 Moon Well
14:17 Moon Well
15:50 Moon Well
16:48 Moon Well
17:47 Tree of Life
18:38 Tree of Life
19:04 Tree of Life
28:53 Ancient Protector
29:12 Ancient Protector
29:41 Ancient Protector
30:28 Ancient Protector
30:47 Ancient Protector
30:56 Ancient Protector
46:10 Ancient Protector
46:18 Ancient Protector
46:34 Ancient Protector
46:46 Ancient Protector
61:07 Ancient of Wind
62:53 Chimaera Roost
 
               
              
              
» 
kL[FaiL]TrEE (
pink | 36 APM | 3896 actions | 107:07)
              
 5 Blademaster 
 3 Critical Strike
 1 Wind Walk
 1 Mirror Image
 3 Shadow Hunter 
 2 Healing Wave
 1 Hex
 
                » actions 
                
                | Assign group hotkey | 48 |  | 
| Basic commands | 336 |  | 
| Build / train | 122 |  | 
| ESC pressed | 10 |  | 
| Enter build submenu | 25 |  | 
| Enter hero's abilities submenu | 8 |  | 
| Remove unit from queue | 1 |  | 
| Right click | 1038 |  | 
| Select / deselect | 1159 |  | 
| Select group hotkey | 1012 |  | 
| Use ability | 137 |  | 
                3896 total
 » units 
                
                | Peon | 19 |  | 
| Grunt | 9 |  | 
| Shaman | 6 |  | 
| Tauren | 11 |  | 
| Demolisher | 35 |  | 
| Troll Headhunter/Berserker | 2 |  | 
| Troll Batrider | 5 |  | 
                87 total
 » upgrades
                
                | Armor | 4 |  | 
| Berserker Strength | 1 |  | 
| Shaman Training | 2 |  | 
| Pulverize | 1 |  | 
| Melee Weapons | 3 |  | 
| Burning Oil | 1 |  | 
| Berserker Upgrade | 1 |  | 
| Liquid Fire | 1 |  | 
                14 total
 » buildings
                
                | Altar of Storms | 1 |  | 
| Orc Burrow | 8 |  | 
| Barracks | 2 |  | 
| Voodoo Lounge | 1 |  | 
| War Mill | 1 |  | 
| Stronghold | 1 |  | 
| Watch Tower | 2 |  | 
| Fortress | 1 |  | 
| Spirit Lodge | 1 |  | 
| Tauren Totem | 2 |  | 
| Great Hall | 1 |  | 
| Beastiary | 2 |  | 
                23 total
 » build order
                00:04 Altar of Storms
00:13 Orc Burrow
00:51 Barracks
01:28 Orc Burrow
02:00 Voodoo Lounge
03:08 War Mill
03:42 Orc Burrow
04:13 Stronghold
04:34 Watch Tower
05:48 Watch Tower
06:53 Fortress
06:56 Spirit Lodge
07:44 Orc Burrow
09:26 Tauren Totem
09:32 Tauren Totem
10:20 Orc Burrow
12:43 Orc Burrow
17:57 Great Hall
20:55 Barracks
21:30 Orc Burrow
28:02 Orc Burrow
53:55 Beastiary
53:58 Beastiary
» items
                
                | Healing Salve | 3 |  | 
| Potion of Mana | 1 |  | 
| Potion of Healing | 2 |  | 
| Dust of Appearance | 1 |  | 
                7 total
  
                Chat log
          (00:36 / All) AA-Gabriel: what did u think it was for
(00:41 / All) UnlceWangSong: yo mammer
(00:42 / All) DUKADAWODU: pizza
(00:46 / All) UnlceWangSong: u know what TIPP stands for
(00:47 / All) AA-Gabriel: but we got our times to
(00:50 / All) UnlceWangSong: to insure poltie promptness
(00:55 / All) AA-Gabriel: yeah fuck it
(00:58 / All) AA-Gabriel: like I give a fuck
(01:03 / All) UnlceWangSong: cleanse mouth
(01:08 / All) AA-Gabriel: lesson .1 never be sympathetic about ur money
(01:19 / All) UnlceWangSong: lesson 1: dont be a grimey Jew devil
(02:18 / All) UnlceWangSong: every morning i took the train to the highs treet station
(02:25 / All) UnlceWangSong: doing homework on the train what a fucked up situation.///.
(09:06 / All) Dare_Obasanjo: your welcome
(09:12 / All) Dare_Obasanjo: overpopulation is a big problem facing orcs today
(09:18 / All) Dare_Obasanjo: but Ihelp u out
(19:59 / All) DUKADAWODU: ok fianlly got my pisza
(20:08 / All) Dare_Obasanjo: its good
(20:29 / All) kL[FaiL]TrEE: lol
(27:43 / All) Dare_Obasanjo: bye
(35:58 / All) AA-Gabriel: thats right
(36:03 / All) AA-Gabriel: RAPED LIKE 6 YEAR OLDS
(36:21 / All) AA-Gabriel: leave plz kids it was a pleasure
(36:28 / All) Dare_Obasanjo: ok
(37:15 / All) AA-Gabriel: PWNT
(37:16 / All) AA-Gabriel: OWNED
(37:17 / All) AA-Gabriel: RAPED
(37:18 / All) AA-Gabriel: ETC
(37:20 / All) AA-Gabriel: gg
(37:23 / All) Dare_Obasanjo: gg
(37:36 / All) Dare_Obasanjo: pwnt
(37:38 / All) DUKADAWODU: nice 
(37:39 / All) DUKADAWODU: blade
(37:40 / All) DUKADAWODU: master
(37:40 / All) DUKADAWODU: rofl
(37:43 / All) AA-Gabriel: idiots
(38:24 / All) AA-Gabriel: ur acting like one
(38:30 / All) AA-Gabriel: plz akon
(38:30 / All) DUKADAWODU: angry noobs? lol
(38:57 / All) AA-Gabriel: yes angry noobs pwning anxious 6 year old kids
(40:07 / All) AA-Gabriel: OMG RAPED UPSIDE DOWN
(44:05 / All) AA-Gabriel: what kind of losers orders pizza at midnight and plays at only to tower up ?
(44:13 / All) UnlceWangSong: where is midnight.
(44:16 / All) DUKADAWODU: what kind of losers can't kill a tower
(44:22 / All) DUKADAWODU: u
(44:25 / All) AA-Gabriel: what kind of losers are pwning u?
(45:01 / All) DUKADAWODU: nice siege
(47:28 / All) DUKADAWODU: hey akon
(47:32 / All) Dare_Obasanjo: level 10
(47:32 / All) DUKADAWODU: you dint hold pos..
(48:42 / All) Dare_Obasanjo: nice priestess
(49:55 / All) AA-Gabriel: stop getting owned and go to sleep kids
(50:01 / All) Dare_Obasanjo: u
(50:04 / All) DUKADAWODU: soon we will be telling this to u
(50:16 / All) AA-Gabriel: kids these days
(50:38 / Allies) UnlceWangSong: not my rows
(50:40 / Allies) UnlceWangSong: not my rows
(50:42 / Allies) UnlceWangSong: not my rows
(50:43 / Allies) UnlceWangSong: UFCK
(50:50 / Allies) UnlceWangSong: killed it just as i was about to hit 97 food
(51:16 / All) DUKADAWODU: ding dang.
(51:17 / All) AA-Gabriel: 6 k gold
(51:20 / All) AA-Gabriel: where to spend
(51:24 / All) Dare_Obasanjo: skills
(51:26 / All) DUKADAWODU: probably on 100food chimaera
(51:30 / All) DUKADAWODU: this is a foreshadow.
(51:35 / All) AA-Gabriel: probably 1 for your mom?
(51:46 / All) AA-Gabriel: lmao
(51:48 / All) AA-Gabriel: I know
(52:02 / All) AA-Gabriel: tower up the hill!
(52:05 / All) AA-Gabriel: ding ding ding
(52:24 / All) DUKADAWODU: u like?
(53:34 / All) AA-Gabriel: LMFAO
(53:55 / All) AA-Gabriel: got tons
(53:57 / All) AA-Gabriel: no worries
(54:04 / All) Dare_Obasanjo: I got 9k and 100 food :)
(54:08 / All) DUKADAWODU: u guys hey
(54:10 / All) Dare_Obasanjo: no worries :)
(54:16 / All) UnlceWangSong: dang only 9k. i got 11540.
(54:20 / All) DUKADAWODU: you just lost
(54:21 / All) DUKADAWODU: a chim
(54:22 / All) DUKADAWODU: to a tower.
(54:25 / All) AA-Gabriel: KIDS ON THE HILL~
(54:27 / All) DUKADAWODU: how does it feel, being a birdnoob?
(54:29 / All) AA-Gabriel: BAM BAM BAM
(54:44 / All) AA-Gabriel: lmao says the kids whos about to get raped
(54:46 / All) AA-Gabriel: again
(54:55 / All) Dare_Obasanjo: we haven't gotten raped the first time
(54:57 / All) AA-Gabriel: PWNTTTTTT
(55:03 / All) AA-Gabriel: owned
(56:11 / All) AA-Gabriel: I will do not worry
(56:16 / All) DUKADAWODU: what happened to your sh
(56:18 / All) Dare_Obasanjo: level 1 priestess is powerful endgame
(56:19 / All) DUKADAWODU: yeowch!
(56:42 / All) UnlceWangSong: how U feel about moogul "53+57" the sly
(56:55 / All) AA-Gabriel: says the kids on da hill!
(57:31 / All) DUKADAWODU: bahahahaha
(57:38 / All) Dare_Obasanjo: we got raped
(57:39 / All) Dare_Obasanjo: ow
(57:51 / All) AA-Gabriel: LMFAO
(58:11 / All) DUKADAWODU: where your warden?
(58:12 / All) AA-Gabriel: we're on da hill!
(58:14 / All) DUKADAWODU: in a grave.
(58:15 / All) AA-Gabriel: bambambambam
(58:23 / Allies) UnlceWangSong: lmao
(58:28 / All) AA-Gabriel: says the kids ont the hill
(58:32 / All) AA-Gabriel: waiting for their fate
(59:18 / All) Dare_Obasanjo: bats are good vs mass tower
(59:22 / All) Dare_Obasanjo: light armor, 320 hp
(59:25 / All) Dare_Obasanjo: v. good
(60:05 / All) Dare_Obasanjo: we do this
(60:10 / All) Dare_Obasanjo: because you do not tip pixxaman
(60:16 / All) DUKADAWODU: next time leave a tip.
(60:22 / All) Dare_Obasanjo: you gay to pixxaman, we gay 2 u
(60:32 / All) DUKADAWODU: i said that in ally chat at beginning of game
(60:40 / All) DUKADAWODU: 'birdnoob don't tip...let's be big assholes this game'
(60:49 / All) AA-Gabriel: looks like u nice to pizzaman
(60:53 / All) AA-Gabriel: u get raped
(60:57 / All) DUKADAWODU: i was a pizzaman when i was 16 :)
(61:01 / All) AA-Gabriel: flip flopped like 6 year old buggers ^^
(61:06 / All) DUKADAWODU: u mad?
(61:08 / All) AA-Gabriel: lmao
(61:11 / All) AA-Gabriel: ^_^
(61:15 / All) AA-Gabriel: kids kids kids
(61:20 / All) AA-Gabriel: when will they ever grow up
(61:23 / All) UnlceWangSong: i think green mad......b/c he aint even 16 yet.......and mom yelling @ him to get off
(61:25 / All) Dare_Obasanjo: whose fault is it that you lost
(61:30 / All) Dare_Obasanjo: is it pinks?
(61:31 / All) DUKADAWODU: "GABRIEL>>>>I HAVE TO CHECK MY EMAIL"
(61:33 / All) UnlceWangSong: come on little timmy its 1:39 am time to go to sleep.l
(61:38 / All) DUKADAWODU: "it warm" i tell mom
(61:38 / All) Dare_Obasanjo: green was really bad, greens fault u lose
(61:41 / All) DUKADAWODU: "i know" she say
(61:52 / All) DUKADAWODU: pink pretty awful too
(61:56 / All) DUKADAWODU: and now that i think, purp horrible as well
(62:04 / All) AA-Gabriel: mass bats plz
(62:08 / All) DUKADAWODU: aheh
(62:10 / All) Dare_Obasanjo: done
(62:11 / All) UnlceWangSong: huh/.
(62:16 / All) Dare_Obasanjo: I massed bats 40 minutes ago
(62:18 / All) UnlceWangSong: green how old u
(62:43 / All) Dare_Obasanjo: green don't let your mom pull the plug
(62:43 / All) DUKADAWODU: u got your own phone little green?
(62:44 / All) UnlceWangSong: mom hang up. the phone. im on warcraft
(63:45 / All) AA-Gabriel: ROFL
(63:46 / All) AA-Gabriel: ROFL
(63:47 / All) AA-Gabriel: HAHA
(64:13 / All) AA-Gabriel: that kid got a cubbyhouse somewhere
(64:17 / All) Dare_Obasanjo: which one of you is going to take the last expo
(64:22 / All) AA-Gabriel: staffing his fellow midget
(64:25 / All) Dare_Obasanjo: I won't kill that one
(64:33 / All) Dare_Obasanjo: not green
(65:06 / All) UnlceWangSong: green how old U.
(65:07 / All) Dare_Obasanjo: you don't tip pizzaman you don't get expo
(65:39 / All) Dare_Obasanjo: goodbye
(66:14 / All) DUKADAWODU: yeowch.
(66:51 / All) Dare_Obasanjo: nice attack
(66:54 / All) Dare_Obasanjo: we almost lost a tower
(67:01 / All) Dare_Obasanjo: this is a good game for you
(67:04 / All) Dare_Obasanjo: a gg
(67:21 / All) UnlceWangSong: by my count you only have to do an attack like that roughly 47 more times.
(68:03 / All) DUKADAWODU: i'm beginning an agricultural operation i would be pleased if u left it be.
(68:25 / All) AA-Gabriel: mass hippos
(68:26 / Allies) UnlceWangSong: green how old 
(68:28 / All) AA-Gabriel: just hippos
(68:29 / All) DUKADAWODU: mass
(68:30 / All) UnlceWangSong: GREEN how old U.
(68:30 / All) DUKADAWODU: hippos
(68:32 / All) DUKADAWODU: do it
(68:35 / All) Dare_Obasanjo: maybe we not so gay to you next time?
(68:39 / All) Dare_Obasanjo: maybe give you free win?
(68:51 / All) DUKADAWODU: maybe.  if he tips pixxaman
(69:03 / All) AA-Gabriel: maybe If I tip ur mom 
(71:06 / All) Dare_Obasanjo: They called him Daisho, the Masked
(71:16 / All) AA-Gabriel: they call him alexei the penis
(71:17 / All) UnlceWangSong: moogul "56+65" the sly
(71:25 / All) UnlceWangSong: aa-gabriel how old are you.
(71:30 / All) AA-Gabriel: old as ur mom
(71:35 / All) UnlceWangSong: nahhhhhh
(71:43 / All) UnlceWangSong: my mom aint 13.......
(71:45 / All) DUKADAWODU: where y'all from?
(71:47 / All) AA-Gabriel: ur moms 12
(71:48 / All) Dare_Obasanjo: my mom has lived long enough to get some skills
(71:55 / All) AA-Gabriel: yeah skills at sucking dicks
(72:04 / All) Dare_Obasanjo: skill 1 more skill than you have
(72:09 / All) UnlceWangSong: gabe why you so angerey
(72:11 / All) Dare_Obasanjo: still I mean
(73:14 / All) UnlceWangSong: "58+65"
(73:22 / All) DUKADAWODU: is like a BT song
(74:12 / All) Dare_Obasanjo: the never ending stooooooooooooorreeeeeeeeee
(74:16 / All) Dare_Obasanjo: naah nah naaaa
(75:49 / All) Dare_Obasanjo: sweet blink
(75:49 / All) DUKADAWODU: agood blink!
(75:55 / All) DUKADAWODU: not!
(77:39 / All) Dare_Obasanjo: thanks
(77:43 / All) Dare_Obasanjo: we'll be here all night
(77:47 / All) Dare_Obasanjo: remember to tip your pizza man
(77:56 / All) AA-Gabriel: wake up with burntasshole?
(77:58 / All) AA-Gabriel: cya kids
(78:04 / All) Dare_Obasanjo: u leafin?
(78:09 / All) DUKADAWODU: cya quitnoob shitnoob
(78:11 / All) AA-Gabriel: no why would we?
(78:15 / All) AA-Gabriel: when we're about to win?
(78:17 / All) Dare_Obasanjo: cuz u mad
(78:17 / All) DUKADAWODU: where you from?
(78:21 / All) Dare_Obasanjo: mad mad mad
(78:21 / All) AA-Gabriel: lol?
(78:26 / All) DUKADAWODU: from?
(78:27 / All) Dare_Obasanjo: mad?
(78:28 / All) AA-Gabriel: loser gets happy winner gets mad?
(78:31 / All) AA-Gabriel: some kid logcis
(78:43 / All) AA-Gabriel: thats why i will love a pizzaman die a pizzaman
(78:46 / All) AA-Gabriel: ^_^
(78:49 / All) AA-Gabriel: squelched noobs
(78:52 / All) AA-Gabriel: now get pwnt and go to sleep
(78:55 / All) DUKADAWODU: blahahahaha
(78:57 / All) AA-Gabriel: gg
(81:04 / All) DUKADAWODU: ty for ZEP
(81:43 / All) DUKADAWODU: heh
(81:45 / All) DUKADAWODU: ownage.
(84:54 / All) DUKADAWODU: how much gold you folks got?
(85:00 / All) AkOnFaN07: 2 much
(85:51 / All) Dare_Obasanjo: ownage
(89:15 / All) DUKADAWODU: i take your wisp life
(95:58 / All) Dare_Obasanjo: visit www.highper.ch for more replays of worthless noobs losing to towers
(96:16 / All) DUKADAWODU: We about to lose.   -   you, 20 minutae ago
(98:04 / All) Dare_Obasanjo: gabriel how old are you?
(98:15 / All) Dare_Obasanjo: what's 8th grade like these days?
(98:28 / All) AkOnFaN07: should prob as you to find that out
(98:32 / All) AkOnFaN07: ask
(98:46 / All) Dare_Obasanjo: that's a good burn
(98:49 / All) Dare_Obasanjo: I should remember that
(98:56 / All) Dare_Obasanjo: for next time we play worthless shitnoobs
(99:33 / All) UnlceWangSong: where ure base
(99:43 / All) DUKADAWODU: Hello Alec I Take Shitbits for 1000?  
(99:48 / All) UnlceWangSong: o i know                                    6          FEET            UNDER!!!!!!!!!!!!
(99:49 / All) DUKADAWODU: What Is......Gabriel AAA?
(99:53 / All) DUKADAWODU: Correct Duka
(100:23 / All) DUKADAWODU: glad you ain't got a spike : - )
(100:40 / All) UnlceWangSong: i would kill myself in 2 htis with it     am so strong.
(100:52 / All) DUKADAWODU: who move my cheese
(101:24 / All) UnlceWangSong: lost.........in translation
(101:25 / Allies) Dare_Obasanjo: timg you should keep up on self help books
(101:29 / Allies) Dare_Obasanjo: you need them
(101:31 / Allies) Dare_Obasanjo: pwo
(102:09 / All) UnlceWangSong: where my chiece go
(102:39 / All) UnlceWangSong: u gonnan attack
(102:45 / Allies) Dare_Obasanjo: heal ples
(103:18 / All) DUKADAWODU: you know what gonna happeng?
(103:21 / All) DUKADAWODU: you attack
(103:22 / All) DUKADAWODU: all die
(103:24 / All) DUKADAWODU: you quit
(103:29 / All) UnlceWangSong: all die all cry
(103:32 / All) Dare_Obasanjo: good game (gg)
(103:34 / All) DUKADAWODU: y'all turn gay now.
(104:07 / All) DUKADAWODU: if we kill all your buildink before you attack
(104:11 / All) DUKADAWODU: ima laugh a big chortle
(104:51 / All) UnlceWangSong: how much money U got
(104:55 / All) DUKADAWODU: come on up
(104:58 / All) DUKADAWODU: i got 25hawkbro
(106:11 / All) DUKADAWODU: laugh.
(106:16 / All) DUKADAWODU: now leave.
(106:40 / All) DUKADAWODU: who need a tower?